 Dungeon Crawl Stone Soup version 0.22-a0-422-g9628fc8 (webtiles) character file.

10654 Mgcat the Fighter (level 11, -2/92 HPs)
             Began as a Gnoll Wanderer on May 20, 2018.
             Was an Elder of Makhleb.
             Slain by a cyan ugly thing (17 damage)
             ... on level 10 of the Dungeon.
             The game lasted 00:29:28 (11116 turns).

Mgcat the Fighter (Gnoll Wanderer)                 Turns: 11116, Time: 00:29:29

Health: -2/92      AC: 17    Str: 19    XL:     11   Next: 65%
Magic:  6/6        EV: 12    Int: 20    God:    Makhleb [****..]
Gold:   524        SH:  7    Dex: 13    Spells: 22/22 levels left

rFire    . . .     SeeInvis .   j - +5 demon whip "Spellbinder" {antimagic, MR+}
rCold    + . .     Gourm    +   r - +2 buckler {rPois}
rNeg     . . .     Faith    .   g - +1 chain mail
rPois    +         Spirit   .   v - +2 helmet
rElec    .         Reflect  .   (no cloak)
rCorr    .         Harm     .   m - +2 pair of gloves
MR       ++...                  (no boots)
Stlth    +.........             s - amulet of the gourmand {Gourm, !d}
HPRegen  0.25/turn              L - ring of protection from cold {rC+, !d}
MPRegen  0.10/turn              o - ring of protection from magic {MR+, !d}

@: mighty
A: distributed training, fangs 1, strong nose
a: Minor Destruction, Lesser Servant of Makhleb, Major Destruction, Renounce
Religion


You were on level 10 of the Dungeon.
You worshipped Makhleb.
Makhleb was greatly pleased with you.
You were very full.

You visited 1 branch of the dungeon, and saw 10 of its levels.

You collected 524 gold pieces.

Inventory:

Hand Weapons
 d - a +0 spear
 e - a +0 dagger
 j - the +5 demon whip "Spellbinder" (weapon) {antimagic, MR+}
   (You found it on level 5 of the Dungeon)

   It reduces the magical energy of the wielder, and disrupts the spells and
   magical abilities of those hit.
   Natural abilities and divine invocations are not affected.
   It affects your resistance to hostile enchantments.
Missiles
 b - 3 throwing nets (quivered) {=f, !d}
Armour
 a - a +0 leather armour
 g - a +1 chain mail (worn)
   (You took it off an orc priest on level 4 of the Dungeon)
 m - a +2 pair of gloves (worn)
   (You found it on level 1 of the Dungeon)
 r - a +2 buckler of poison resistance (worn)
   (You found it on level 2 of the Dungeon)
 v - a +2 helmet (worn)
   (You took it off Robin on level 3 of the Dungeon)
Jewellery
 o - a ring of protection from magic (right hand) {MR+, !d}
   (You found it on level 2 of the Dungeon)
 q - an uncursed ring of protection from fire {rF+, !d}
   (You found it on level 5 of the Dungeon)
 s - an amulet of the gourmand (around neck) {Gourm, !d}
   (You found it on level 3 of the Dungeon)
 x - an uncursed ring of stealth {Stlth+}
   (You found it on level 6 of the Dungeon)
 H - an uncursed ring of resist corrosion
   (You found it on level 8 of the Dungeon)
 J - an uncursed ring of flight {+Fly, !d}
   (You found it on level 9 of the Dungeon)
 L - a ring of protection from cold (left hand) {rC+, !d}
   (You found it on level 10 of the Dungeon)
Wands
 h - a wand of disintegration (15)
   (You found it on level 5 of the Dungeon)
 t - a wand of scattershot (2)
   (You took it off Ijyb on level 3 of the Dungeon)
 w - a wand of flame (20)
   (You took it off Natasha on level 3 of the Dungeon)
 y - a wand of paralysis (19)
   (You took it off Pikel on level 8 of the Dungeon)
Scrolls
 c - 6 scrolls of teleportation
 i - a scroll of amnesia {unknown}
 k - 6 scrolls of identify
 l - 4 scrolls of remove curse
 p - a scroll of fog
 E - a scroll of torment {unknown}
 G - a scroll of magic mapping {!r}
 K - 2 scrolls of enchant weapon {unknown}
Potions
 n - 2 potions of might
 u - 4 potions of magic {unknown}
 z - 2 potions of heal wounds
 A - a potion of ambrosia
 B - 3 potions of flight {unknown}
 D - 2 potions of haste {unknown}
 F - a potion of resistance {unknown}
 I - 2 potions of cancellation {unknown}
Comestibles
 f - 25 rations
 C - 8 chunks of flesh {@w0}


   Skills:
 + Level 10.6 Fighting
 + Level 6.4 Short Blades
 + Level 6.4 Long Blades
 + Level 6.4 Axes
 + Level 6.4 Maces & Flails
 + Level 6.9 Polearms
 + Level 6.4 Staves
 + Level 6.4 Slings
 + Level 6.4 Bows
 + Level 6.4 Crossbows
 + Level 6.4 Throwing
 + Level 6.4 Armour
 + Level 9.2 Dodging
 + Level 7.7 Stealth
 + Level 6.4 Shields
 + Level 6.4 Unarmed Combat
 + Level 6.4 Spellcasting
 + Level 5.3 Conjurations
 + Level 5.3 Hexes
 + Level 5.3 Charms
 + Level 5.3 Summonings
 + Level 5.3 Necromancy
 + Level 5.3 Translocations
 + Level 5.3 Transmutations
 + Level 5.3 Fire Magic
 + Level 5.3 Ice Magic
 + Level 5.3 Air Magic
 + Level 5.3 Earth Magic
 + Level 5.3 Poison Magic
 + Level 7.0 Invocations
 + Level 6.4 Evocations


You had 22 spell levels left.
You didn't know any spells.
Your spell library contained the following spells:

 Spells                   Type           Power        Failure   Level  Hunger
 Summon Small Mammal      Summ           ####         11%         1    None
 Summon Ice Beast         Ice/Summ       ####....     73%         4    ####...
 Call Imp                 Summ           ####....     17%         2    None
 Call Canine Familiar     Summ           ####....     32%         3    ##.....
 Summon Lightning Spire   Summ/Air       ####....     73%         4    ####...
 Summon Guardian Golem    Hex/Summ       ####....     32%         3    ##.....


Dungeon Overview and Level Annotations

Branches:
Dungeon (10/15)            Temple (0/1) D:4            Lair (0/6) D:8
    Orc: D:9-12

Altars:
Ashenzari
Makhleb

Annotations:
D:3 Duvessa
D:4 Menkaure
D:7 4 runed doors


Innate Abilities, Weirdness & Mutations

Your experience applies equally to all skills.
You have very sharp teeth.
Your uncanny sense of smell can sniff out nearby items.


Message History

You miss something.
Your reaper hits something from afar with a scythe of protection!!
Makhleb accepts your kill.
Reactivating autopickup.
You feel a bit more experienced.
Things that are here:
a dagger; a robe; an orc corpse You block the orc wizard's attack.
There is an open door, spattered with blood here.
Items here: ! ) [ † a hand axe; a scale mail; a dark potion; an orc corpse You whack the orc wizard!
The orc wizard's magic leaks into the air.
Flames sear the orc wizard.
You bite the orc wizard, but do no damage.
The orc wizard is almost dead.
The orc wizard falters for a moment.
Your reaper hits the orc wizard from afar with a scythe of protection!!
The orc wizard dies!
Makhleb accepts your kill.
Things that are here:
a dagger; a robe
I - 2 dark potions (gained 1)
You butcher the orc corpse.
C - 6 chunks of flesh {@w0} (gained 3)
There is an open door, spattered with blood here.
Things that are here:
a hand axe; a scale mail
There is an open door, spattered with blood here.
Things that are here:
a hand axe; a scale mail You swap places.
HP restored.
You butcher the orc corpse.
C - 10 chunks of flesh {@w0} (gained 4)
Things that are here:
a dagger; a robe
Things that are here:
a dagger; a robe You butcher the orc corpse.
C - 11 chunks of flesh {@w0} (gained 1)
Things that are here:
a hand axe; an orc skeleton
Things that are here:
a hand axe; an orc skeleton You swap places.
There is an open door, spattered with blood here.
Things that are here:
a hand axe; a scale mail
Found a stone staircase leading down.
Some of the chunks of flesh in your inventory have rotted away.
There is an open door here.
Your reaper disappears in a puff of smoke!
You now have 524 gold pieces (gained 15).
A cyan ugly thing comes into view.
A cyan ugly thing is nearby!
The cyan ugly thing gurgles horribly!
Some of the chunks of flesh in your inventory have rotted away.
Your chain mail prevents you from hitting the cyan ugly thing.
Your chain mail prevents you from hitting the cyan ugly thing.
The cyan ugly thing gores you but does no damage.
You whack the cyan ugly thing!
You bite the cyan ugly thing, but do no damage.
The cyan ugly thing is lightly wounded.
The cyan ugly thing gores you! The cyan ugly thing shocks you!
You are too injured to fight recklessly!
You are too injured to fight recklessly!
You are too injured to fight recklessly!
You closely miss the cyan ugly thing. Your bite misses the cyan ugly thing.
The cyan ugly thing is lightly wounded.
The cyan ugly thing barely misses you.
You hit the cyan ugly thing.
The cyan ugly thing is lightly wounded.
The cyan ugly thing gores you but does no damage.
You whack the cyan ugly thing!
The cyan ugly thing is moderately wounded.
You hit the cyan ugly thing.
You bite the cyan ugly thing, but do no damage.
The cyan ugly thing is moderately wounded.
You block the cyan ugly thing's attack.
You barely miss the cyan ugly thing. Your bite misses the cyan ugly thing.
The cyan ugly thing is moderately wounded.
The cyan ugly thing gores you. The cyan ugly thing shocks you!
You closely miss the cyan ugly thing.
The cyan ugly thing is moderately wounded.
The cyan ugly thing gores you! The cyan ugly thing shocks you!
* * * LOW HITPOINT WARNING * * *
It was a potion of heal wounds.
You feel much better. The cyan ugly thing gores you.
The cyan ugly thing shocks you!
* * * LOW HITPOINT WARNING * * *
It was a potion of might.
You feel very mighty all of a sudden.
The cyan ugly thing completely misses you.
You thrash the cyan ugly thing!!
The cyan ugly thing is heavily wounded.
You thrash the cyan ugly thing!!
The cyan ugly thing is severely wounded.
The cyan ugly thing gores you!
* * * LOW HITPOINT WARNING * * *
The cyan ugly thing shocks you!
You die...

#......... .#####.
#.........
.......###........#
.......#..........#
.......#..........+ ##∆
.....####.......#
.########......#.......#
........#......#u......#
........####'###@......#
.........>.............#
.......................#
.......................#
.<.....................####
...(...##############.....#
#####..#
...........#.....#######
... #..#
...........'...>.><....#
....#..#
...........#...........#


You could see a cyan ugly thing.

Vanquished Creatures
  Erica (D:8)
  Pikel (D:8)
  The ghost of CLM the Ruffian, a novice VSTm (D:8)
  Joseph (D:10)
  A troll (D:10)
  A hornet (D:10)
  2 hippogriffs
  8 yaks
  A wraith (D:10)
  A human (D:8)
  4 hogs (D:8)
  A hungry ghost (D:9)
  2 water moccasins
  3 ice beasts
  A hornet zombie (D:8)
  4 black bears
  3 phantoms
  2 orc warriors (D:8)
  A sky beast (D:8)
  3 centaurs
  2 ogres
  A big kobold (D:8)
  3 bullfrogs
  A gnoll sergeant (D:9)
  A water moccasin zombie (D:7)
  Dowan (D:5)
  3 scorpions
  A water moccasin skeleton (D:5)
  3 killer bees (D:7)
  2 howler monkeys
  4 bullfrog zombies
  4 crimson imps
  A quasit (D:8)
  A bullfrog skeleton (D:7)
  3 centaur zombies
  5 hounds
  3 jellies
  7 orc priests
  2 centaur skeletons
  5 orc wizards
  6 iguanas
  Ijyb (D:3)
  Natasha (thrice) (D:3)
  7 worker ants
  A killer bee zombie (D:7)
  2 hound skeletons
  A worker ant zombie (D:8)
  Robin (D:3)
  6 gnolls
  A howler monkey skeleton (D:6)
  11 adders
  A shadow imp (D:5)
  2 adder zombies
  An ooze (D:2)
  2 adder skeletons
  A worm (D:2)
  7 dart slugs
  2 leopard geckos
  34 orcs
  5 giant cockroaches
  13 goblins
  8 hobgoblins
  8 jackals
  8 quokkas
  3 ball pythons
  3 bats
  5 frilled lizards
  A jackal zombie (D:5)
  8 kobolds
  A quokka zombie (D:5)
  13 rats
261 creatures vanquished.

Vanquished Creatures (collateral kills)
  The ghost of azzavlup the Spear-Bearer, a novice DrSk of Ashenzari (D:10)
  2 two-headed ogres (D:9)
  A phantom (D:9)
  An ogre (D:10)
  2 orc wizards (D:10)
  2 orcs (D:10)
9 creatures vanquished.

Grand Total: 270 creatures vanquished

Notes
Turn   | Place    | Note
-------+----------+-------------------------------------------
     0 | D:1      | Mgcat the Gnoll Wanderer began the quest for the Orb.
     0 | D:1      | Mgcat set off with: a +0 leather armour, 3 throwing nets {=f, !d}, a scroll of teleportation, a +0 spear, a +0 dagger, a ration
     0 | D:1      | Reached XP level 1. HP: 26/26 MP: 1/1
   367 | D:1      | Reached XP level 2. HP: 33/33 MP: 2/2
   547 | D:1      | Reached XP level 3. HP: 31/38 MP: 3/3
   894 | D:2      | Found a burning altar of Makhleb.
   925 | D:2      | Noticed an Executioner
   929 | D:2      | Noticed a hellwing
   929 | D:2      | Noticed a neqoxec
   931 | D:2      | Became a worshipper of Makhleb the Destroyer
  1014 | D:2      | Reached skill level 1 in Invocations
  1294 | D:2      | Reached skill level 1 in Short Blades
  1294 | D:2      | Reached skill level 1 in Long Blades
  1294 | D:2      | Reached skill level 1 in Axes
  1294 | D:2      | Reached skill level 1 in Maces & Flails
  1294 | D:2      | Reached skill level 1 in Staves
  1294 | D:2      | Reached skill level 1 in Slings
  1294 | D:2      | Reached skill level 1 in Bows
  1294 | D:2      | Reached skill level 1 in Crossbows
  1294 | D:2      | Reached skill level 1 in Throwing
  1294 | D:2      | Reached skill level 1 in Armour
  1294 | D:2      | Reached skill level 1 in Shields
  1294 | D:2      | Reached skill level 1 in Unarmed Combat
  1294 | D:2      | Reached skill level 1 in Spellcasting
  1294 | D:2      | Reached skill level 1 in Evocations
  1294 | D:2      | Reached XP level 4. HP: 34/45 MP: 5/5
  1922 | D:3      | Reached skill level 1 in Conjurations
  1922 | D:3      | Reached skill level 1 in Hexes
  1922 | D:3      | Reached skill level 1 in Charms
  1922 | D:3      | Reached skill level 1 in Summonings
  1922 | D:3      | Reached skill level 1 in Necromancy
  1922 | D:3      | Reached skill level 1 in Translocations
  1922 | D:3      | Reached skill level 1 in Transmutations
  1922 | D:3      | Reached skill level 1 in Fire Magic
  1922 | D:3      | Reached skill level 1 in Ice Magic
  1922 | D:3      | Reached skill level 1 in Air Magic
  1922 | D:3      | Reached skill level 1 in Earth Magic
  1922 | D:3      | Reached skill level 1 in Poison Magic
  1979 | D:3      | HP: 11/45 [orc priest/divine providence (11)]
  1980 | D:3      | Reached XP level 5. HP: 13/51 MP: 5/7
  2222 | D:3      | Noticed Natasha
  2238 | D:3      | Killed Natasha
  2250 | D:3      | Reached skill level 3 in Polearms
  2376 | D:3      | Noticed Ijyb
  2416 | D:3      | Killed Ijyb
  2453 | D:3      | Noticed Natasha
  2464 | D:3      | Killed Natasha
  2500 | D:3      | Noticed Robin
  2505 | D:3      | Reached XP level 6. HP: 38/57 MP: 8/8
  2521 | D:3      | Killed Robin
  2521 | D:3      | Reached skill level 2 in Invocations
  2620 | D:3      | Noticed Natasha
  2631 | D:3      | Killed Natasha
  2631 | D:3      | Reached * piety under Makhleb
  3034 | D:4      | Reached skill level 2 in Short Blades
  3034 | D:4      | Reached skill level 2 in Long Blades
  3034 | D:4      | Reached skill level 2 in Axes
  3034 | D:4      | Reached skill level 2 in Maces & Flails
  3034 | D:4      | Reached skill level 2 in Staves
  3034 | D:4      | Reached skill level 2 in Slings
  3034 | D:4      | Reached skill level 2 in Bows
  3034 | D:4      | Reached skill level 2 in Crossbows
  3034 | D:4      | Reached skill level 2 in Throwing
  3034 | D:4      | Reached skill level 2 in Armour
  3034 | D:4      | Reached skill level 2 in Shields
  3034 | D:4      | Reached skill level 2 in Unarmed Combat
  3034 | D:4      | Reached skill level 2 in Spellcasting
  3034 | D:4      | Reached skill level 2 in Evocations
  3245 | D:4      | Noticed a phantom
  3327 | D:4      | Killed a phantom
  3327 | D:4      | Reached XP level 7. HP: 46/63 MP: 10/10
  3515 | D:4      | HP: 15/63 [iguana (8)]
  3589 | D:4      | Reached skill level 7 in Dodging
  3734 | D:4      | HP: 11/63 [orc priest/divine providence (17)]
  3739 | D:4      | HP: 11/63 [orc priest (1)]
  3740 | D:4      | Reached skill level 2 in Conjurations
  3740 | D:4      | Reached skill level 2 in Hexes
  3740 | D:4      | Reached skill level 2 in Charms
  3740 | D:4      | Reached skill level 2 in Summonings
  3740 | D:4      | Reached skill level 2 in Necromancy
  3740 | D:4      | Reached skill level 2 in Translocations
  3740 | D:4      | Reached skill level 2 in Transmutations
  3740 | D:4      | Reached skill level 2 in Fire Magic
  3740 | D:4      | Reached skill level 2 in Ice Magic
  3740 | D:4      | Reached skill level 2 in Air Magic
  3740 | D:4      | Reached skill level 2 in Earth Magic
  3740 | D:4      | Reached skill level 2 in Poison Magic
  3761 | D:4      | HP: 12/63 [quokka (2)]
  3772 | D:4      | HP: 10/63 [orc/enchanted falchion (2)]
  3991 | D:4      | Noticed Menkaure
  4003 | D:4      | HP: 14/63 [Menkaure/nerve-wracking pain (11)]
  4014 | D:4      | HP: 9/63 [Menkaure/nerve-wracking pain (7)]
  4031 | D:4      | HP: 6/63 [??? (3)]
  4038 | D:4      | HP: 5/63 [??? (2)]
  4463 | D:4      | Reached skill level 5 in Stealth
  4594 | D:4      | Reached skill level 9 in Fighting
  4637 | D:4      | Reached skill level 3 in Invocations
  4719 | D:4      | Reached XP level 8. HP: 54/71 MP: 12/12
  5274 | D:4      | Found a staircase to the Ecumenical Temple.
  5374 | D:5      | Entered Level 5 of the Dungeon
  5496 | D:5      | Reached skill level 3 in Short Blades
  5496 | D:5      | Reached skill level 3 in Long Blades
  5496 | D:5      | Reached skill level 3 in Axes
  5496 | D:5      | Reached skill level 3 in Maces & Flails
  5496 | D:5      | Reached skill level 4 in Polearms
  5496 | D:5      | Reached skill level 3 in Staves
  5496 | D:5      | Reached skill level 3 in Slings
  5496 | D:5      | Reached skill level 3 in Bows
  5496 | D:5      | Reached skill level 3 in Crossbows
  5496 | D:5      | Reached skill level 3 in Throwing
  5496 | D:5      | Reached skill level 3 in Armour
  5496 | D:5      | Reached skill level 3 in Shields
  5496 | D:5      | Reached skill level 3 in Unarmed Combat
  5496 | D:5      | Reached skill level 3 in Spellcasting
  5496 | D:5      | Reached skill level 3 in Evocations
  5855 | D:5      | Noticed Dowan
  5855 | D:5      | Noticed Duvessa
  5885 | D:5      | Killed Dowan
  5899 | D:5      | HP: 17/71 [Duvessa/rapier (13)]
  5907 | D:5      | HP: 15/71 [Duvessa/rapier (4)]
  5916 | D:5      | HP: 13/71 [Duvessa/rapier (4)]
  6428 | D:5      | Found the +5 demon whip "Spellbinder" {antimagic, MR+}
  6495 | D:5      | Found a shattered altar of Ashenzari.
  6647 | D:5      | Reached ** piety under Makhleb
  6815 | D:6      | Reached skill level 3 in Conjurations
  6815 | D:6      | Reached skill level 3 in Hexes
  6815 | D:6      | Reached skill level 3 in Charms
  6815 | D:6      | Reached skill level 3 in Summonings
  6815 | D:6      | Reached skill level 3 in Necromancy
  6815 | D:6      | Reached skill level 3 in Translocations
  6815 | D:6      | Reached skill level 3 in Transmutations
  6815 | D:6      | Reached skill level 3 in Fire Magic
  6815 | D:6      | Reached skill level 3 in Ice Magic
  6815 | D:6      | Reached skill level 3 in Air Magic
  6815 | D:6      | Reached skill level 3 in Earth Magic
  6815 | D:6      | Reached skill level 3 in Poison Magic
  6815 | D:6      | Reached skill level 4 in Invocations
  6885 | D:6      | Reached XP level 9. HP: 76/76 MP: 4/14
  7333 | D:6      | Reached skill level 4 in Short Blades
  7333 | D:6      | Reached skill level 4 in Long Blades
  7333 | D:6      | Reached skill level 4 in Axes
  7333 | D:6      | Reached skill level 4 in Maces & Flails
  7333 | D:6      | Reached skill level 4 in Staves
  7333 | D:6      | Reached skill level 4 in Slings
  7333 | D:6      | Reached skill level 4 in Bows
  7333 | D:6      | Reached skill level 4 in Crossbows
  7333 | D:6      | Reached skill level 4 in Throwing
  7333 | D:6      | Reached skill level 4 in Armour
  7333 | D:6      | Reached skill level 4 in Shields
  7333 | D:6      | Reached skill level 4 in Unarmed Combat
  7333 | D:6      | Reached skill level 4 in Spellcasting
  7333 | D:6      | Reached skill level 4 in Evocations
  7541 | D:7      | Reached skill level 6 in Stealth
  7549 | D:7      | Reached skill level 5 in Polearms
  7897 | D:7      | Reached *** piety under Makhleb
  7934 | D:7      | Reached skill level 8 in Dodging
  8216 | D:7      | Found a huge runed gate.
  8217 | D:7      | Found a huge runed gate.
  8217 | D:7      | Noticed a manticore
  8218 | D:7      | Noticed a polar bear
  8220 | D:7      | Found a huge runed gate.
  8220 | D:7      | Noticed a polar bear
  8220 | D:7      | Noticed a polar bear
  8221 | D:7      | Found a huge runed gate.
  8221 | D:7      | Noticed a polar bear
  8221 | D:7      | Noticed a polar bear
  8509 | D:7      | You fall through a shaft!
  8512 | D:8      | Noticed Erica
  8533 | D:8      | Killed Erica
  8533 | D:8      | Reached skill level 5 in Invocations
  8533 | D:8      | Reached XP level 10. HP: 85/85 MP: 5/17
  8537 | D:8      | Reached skill level 4 in Conjurations
  8537 | D:8      | Reached skill level 4 in Hexes
  8537 | D:8      | Reached skill level 4 in Charms
  8537 | D:8      | Reached skill level 4 in Summonings
  8537 | D:8      | Reached skill level 4 in Necromancy
  8537 | D:8      | Reached skill level 4 in Translocations
  8537 | D:8      | Reached skill level 4 in Transmutations
  8537 | D:8      | Reached skill level 4 in Fire Magic
  8537 | D:8      | Reached skill level 4 in Ice Magic
  8537 | D:8      | Reached skill level 4 in Air Magic
  8537 | D:8      | Reached skill level 4 in Earth Magic
  8537 | D:8      | Reached skill level 4 in Poison Magic
  8779 | D:8      | Reached skill level 5 in Short Blades
  8779 | D:8      | Reached skill level 5 in Long Blades
  8779 | D:8      | Reached skill level 5 in Axes
  8779 | D:8      | Reached skill level 5 in Maces & Flails
  8779 | D:8      | Reached skill level 5 in Staves
  8779 | D:8      | Reached skill level 5 in Slings
  8779 | D:8      | Reached skill level 5 in Bows
  8779 | D:8      | Reached skill level 5 in Crossbows
  8779 | D:8      | Reached skill level 5 in Throwing
  8779 | D:8      | Reached skill level 5 in Armour
  8779 | D:8      | Reached skill level 5 in Shields
  8779 | D:8      | Reached skill level 5 in Unarmed Combat
  8779 | D:8      | Reached skill level 5 in Spellcasting
  8779 | D:8      | Reached skill level 5 in Evocations
  8850 | D:8      | Reached skill level 10 in Fighting
  8886 | D:8      | Found a staircase to the Lair.
  8888 | D:8      | Noticed CLM's ghost (novice VSTm)
  8903 | D:8      | Killed CLM's ghost
  8903 | D:8      | Reached skill level 6 in Polearms
  8974 | D:8      | Noticed Pikel
  9000 | D:8      | Killed Pikel
  9000 | D:8      | Reached **** piety under Makhleb
  9000 | D:8      | Reached skill level 6 in Invocations
  9068 | D:8      | Reached skill level 7 in Stealth
  9504 | D:9      | Reached XP level 11. HP: 81/91 MP: 6/19
  9560 | D:9      | Noticed a two-headed ogre
  9560 | D:9      | Noticed a two-headed ogre
  9588 | D:9      | HP: 11/91 [two-headed ogre/giant club (20)]
  9593 | D:9      | Killed a two-headed ogre
  9603 | D:9      | Killed a two-headed ogre
  9603 | D:9      | Reached skill level 6 in Short Blades
  9603 | D:9      | Reached skill level 6 in Long Blades
  9603 | D:9      | Reached skill level 6 in Axes
  9603 | D:9      | Reached skill level 6 in Maces & Flails
  9603 | D:9      | Reached skill level 6 in Staves
  9603 | D:9      | Reached skill level 6 in Slings
  9603 | D:9      | Reached skill level 6 in Bows
  9603 | D:9      | Reached skill level 6 in Crossbows
  9603 | D:9      | Reached skill level 6 in Throwing
  9603 | D:9      | Reached skill level 6 in Armour
  9603 | D:9      | Reached skill level 9 in Dodging
  9603 | D:9      | Reached skill level 6 in Shields
  9603 | D:9      | Reached skill level 6 in Unarmed Combat
  9603 | D:9      | Reached skill level 6 in Spellcasting
  9603 | D:9      | Reached skill level 6 in Evocations
  9957 | D:9      | Reached skill level 5 in Conjurations
  9957 | D:9      | Reached skill level 5 in Hexes
  9957 | D:9      | Reached skill level 5 in Charms
  9957 | D:9      | Reached skill level 5 in Summonings
  9957 | D:9      | Reached skill level 5 in Necromancy
  9957 | D:9      | Reached skill level 5 in Translocations
  9957 | D:9      | Reached skill level 5 in Transmutations
  9957 | D:9      | Reached skill level 5 in Fire Magic
  9957 | D:9      | Reached skill level 5 in Ice Magic
  9957 | D:9      | Reached skill level 5 in Air Magic
  9957 | D:9      | Reached skill level 5 in Earth Magic
  9957 | D:9      | Reached skill level 5 in Poison Magic
 10309 | D:10     | Entered Level 10 of the Dungeon
 10349 | D:10     | Noticed azzavlup's ghost (novice DrSk)
 10385 | D:10     | HP: 16/92 [azzavlup's ghost (11)]
 10390 | D:10     | HP: 13/92 [azzavlup's ghost (1)]
 10402 | D:10     | HP: 20/92 [azzavlup's ghost (13)]
 10413 | D:10     | Killed azzavlup's ghost
 10596 | D:10     | Noticed Joseph
 10615 | D:10     | Killed Joseph
 10913 | D:10     | Reached skill level 7 in Invocations
 11094 | D:10     | Noticed a cyan ugly thing
 11112 | D:10     | HP: 21/92 [cyan ugly thing (17)]
 11116 | D:10     | Slain by a cyan ugly thing

Vault maps used:
D:1:      co_arrival_random_square_maze
D:2:      serial_bayou, serial_bayou_lake_a, serial_bayou_pond_c,
          serial_bayou_pond_b, serial_bayou_lagoon_b, serial_bayou_shore_b,
          makhleb_altar_promises_db
D:3:      uniq_ijyb, uniq_natasha, uniq_robin
D:4:      temple_hall, gup_sewer_entry_bubbles, first_ration, uniq_menkaure
D:5:      kennysheep_six_static_rooms, evilmike_ruin_ashenzari, uniq_duvessa
D:7:      lemuel_bear_cage
D:8:      lair_entry_dummy, grunt_livestock, grunt_ministairs_6,
          minmay_misc_feat_nine_boxes, serial_bayou_pond_d, uniq_pikel,
          uniq_erica
D:10:     orc_0_dummy, uniq_joseph

Skill      XL: |  1  2  3  4  5  6  7  8  9 10 11 |
---------------+----------------------------------+-----
Invocations    | 1 2 3 4 5 6 7 |  7.0
Short Blades   | 1 2 3 4 5 6 |  6.4
Long Blades    | 1 2 3 4 5 6 |  6.4
Axes           | 1 2 3 4 5 6 |  6.4
Maces & Flails | 1 2 3 4 5 6 |  6.4
Staves         | 1 2 3 4 5 6 |  6.4
Slings         | 1 2 3 4 5 6 |  6.4
Bows           | 1 2 3 4 5 6 |  6.4
Crossbows      | 1 2 3 4 5 6 |  6.4
Throwing       | 1 2 3 4 5 6 |  6.4
Armour         | 1 2 3 4 5 6 |  6.4
Shields        | 1 2 3 4 5 6 |  6.4
Unarmed Combat | 1 2 3 4 5 6 |  6.4
Spellcasting   | 1 2 3 4 5 6 |  6.4
Evocations     | 1 2 3 4 5 6 |  6.4
Conjurations   | 1 2 3 4 5 |  5.3
Hexes          | 1 2 3 4 5 |  5.3
Charms         | 1 2 3 4 5 |  5.3
Summonings     | 1 2 3 4 5 |  5.3
Necromancy     | 1 2 3 4 5 |  5.3
Translocations | 1 2 3 4 5 |  5.3
Transmutations | 1 2 3 4 5 |  5.3
Fire Magic     | 1 2 3 4 5 |  5.3
Ice Magic      | 1 2 3 4 5 |  5.3
Air Magic      | 1 2 3 4 5 |  5.3
Earth Magic    | 1 2 3 4 5 |  5.3
Poison Magic   | 1 2 3 4 5 |  5.3
Polearms       | 3 4 5 6 |  6.9
Dodging        | 7 8 9 |  9.2
Stealth        | 5 6 7 |  7.7
Fighting       | 9 10 | 10.6

Action                   |  1- 3 |  4- 6 |  7- 9 | 10-12 || total
-------------------------+-------+-------+-------+-------++-------
Melee: Spear             |   146 |   276 |   606 |       ||  1028
       Bite              |    10 |    23 |    89 |    53 ||   175
       Demon whip        |       |       |   211 |   562 ||   773
Throw: Throwing net      |       |       |     1 |       ||     1
Invok: Lesser Servant of |       |       |       |     3 ||     3
  Use: Scroll            |       |     9 |     7 |     1 ||    17
       Potion            |       |     2 |     4 |     6 ||    12
 Stab: Sleeping          |     9 |     7 |       |       ||    16
       Distracted        |       |       |       |     1 ||     1
  Eat: Chunk             |     1 |    18 |    17 |    10 ||    46
Armor: Leather armour    |    15 |    28 |    24 |       ||    67
       Chain mail        |       |       |   236 |   224 ||   460
Dodge: Dodged            |    60 |   100 |   237 |   171 ||   568
Block: Buckler           |     5 |    36 |   195 |   176 ||   412

Table legend:
 A = Spawn XP
 B = Non-spawn XP
 C = Spawn XP percentage of total XP
 D = Spawn monster count
 E = Non-spawn monster count
 F = Spawn count percentage of total count
 G = Total turns spent on level
                    A         B        C        D         E        F      G
               +---------+---------+-------+---------+---------+-------+---------
         Total |       0 |   15221 |   0.0 |       0 |     270 |   0.0 | 11116
               +---------+---------+-------+---------+---------+-------+---------
           D:1 |       0 |      53 |   0.0 |       0 |      26 |   0.0 |   877
           D:2 |       0 |      78 |   0.0 |       0 |      21 |   0.0 |   963
           D:3 |       0 |     252 |   0.0 |       0 |      23 |   0.0 |  1538
           D:4 |       0 |     942 |   0.0 |       0 |      34 |   0.0 |  2222
           D:5 |       0 |     783 |   0.0 |       0 |      22 |   0.0 |  1176
           D:6 |       0 |     840 |   0.0 |       0 |      15 |   0.0 |   585
           D:7 |       0 |     989 |   0.0 |       0 |      20 |   0.0 |  1148
           D:8 |       0 |    4339 |   0.0 |       0 |      43 |   0.0 |   817
           D:9 |       0 |    3427 |   0.0 |       0 |      33 |   0.0 |   999
          D:10 |       0 |    3518 |   0.0 |       0 |      33 |   0.0 |   791
               +---------+---------+-------+---------+---------+-------+---------

Vault maps used:
D:1:      co_arrival_random_square_maze
D:2:      serial_bayou, serial_bayou_lake_a, serial_bayou_pond_c,
          serial_bayou_pond_b, serial_bayou_lagoon_b, serial_bayou_shore_b,
          makhleb_altar_promises_db
D:3:      uniq_ijyb, uniq_natasha, uniq_robin
D:4:      temple_hall, gup_sewer_entry_bubbles, first_ration, uniq_menkaure
D:5:      kennysheep_six_static_rooms, evilmike_ruin_ashenzari, uniq_duvessa
D:7:      lemuel_bear_cage
D:8:      lair_entry_dummy, grunt_livestock, grunt_ministairs_6,
          minmay_misc_feat_nine_boxes, serial_bayou_pond_d, uniq_pikel,
          uniq_erica
D:10:     orc_0_dummy, uniq_joseph

Table legend:
 A = Turns spent in this place as a percentage of turns spent in the entire game.
 B = Non-inter-level travel turns spent in this place as a percentage of non-inter-level travel turns spent in the entire game.
 C = Inter-level travel turns spent in this place as a percentage of turns spent in this place.
 D = Turns resting spent in this place as a percentage of non-inter-level travel turns spent in this place.
 E = Turns spent auto-exploring this place as a percentage of non-inter-level travel turns spent in this place.
 F = Non-inter-level travel turns spent in this place divided by the number of levels of this place that you've seen.
                   A       B       C       D       E      F
               +-------+-------+-------+-------+-------+----------------------
         Total | 100.0 | 100.0 |   3.4 |   1.4 |  70.4 | 1074.2
       Dungeon | 100.0 | 100.0 |   3.4 |   1.4 |  70.4 | 1074.2
               +-------+-------+-------+-------+-------+----------------------

Table legend:
 A = Kills in this place as a percentage of kills in entire the game.
 B = Kills by you in this place as a percentage of kills by you in the entire game.
 C = Kills by friends in this place as a percentage of kills by friends in the entire game.
 D = Other kills in this place as a percentage of other kills in the entire game.
 E = Experience gained in this place as a percentage of experience gained in the entire game.
 F = Experience gained in this place divided by the number of levels of this place that you have seen.
                   A       B       C       D       E      F
               +-------+-------+-------+-------+-------+----------------------
         Total | 100.0 | 100.0 | 100.0 |   N/A | 100.0 | 1522.1
       Dungeon | 100.0 | 100.0 | 100.0 |   N/A | 100.0 | 1522.1
               +-------+-------+-------+-------+-------+----------------------
